Map: Ruins of Seras

Players

Livibee - Winner!

  • Race: Zerg Zerg

Wintersc2 (Winter)

  • Race: Zerg Zerg

VOD

Have the link to the VOD?

Description

Time

  • Played on: April 4, 2015, 3:10 a.m.
  • Length: 8:18
Show
View Real Time Build Order
Export as new Build Order

Livibee Zerg - Winner!

Build Orders: Hatch First 

Get SALT Encoding   

  12  0:02  Drone  
  13  0:14  Drone  
  13  0:19  Overlord  
  14  0:25  Extractor  
  14  0:26  Drone  
  15  0:38  Drone x2  
  17  0:55  Hatchery  
  16  1:02  Drone  
  16  1:03  Drone  
  18  1:14  Spawning Pool  
  17  1:21  Drone  
  17  1:23  Extractor  
  17  1:30  Drone x2  
  19  1:46  Drone  
  20  1:52  Overlord  
  20  2:01  Queen  
  20  2:07  Zergling x2  
  23  2:12  Queen  
  23  2:14  Drone x2  
  27  2:18  Drone  
  28  2:24  Drone  
  28  2:25  Metabolic Boost  
  28  2:29  Drone  
  30  2:34  Drone  
  31  2:39  Overlord  
  31  2:45  Drone  
  32  2:52  Drone  
  32  2:56  Drone  
  34  3:01  Drone, Extractor  
  34  3:05  Lair  
  34  3:12  Drone x3  
  37  3:13  Drone x3  
  40  3:24  Overlord  
  40  3:25  Drone x4  
  44  3:35  Roach Warren, Drone  
  44  3:39  Overlord  
  44  3:41  Overlord  
  44  3:43  Drone x3  
  47  3:50  Spine Crawler  
  47  3:51  Extractor  
  47  3:52  Extractor  
  47  3:55  Overlord  
  44  4:03  Drone x3  
  44  4:04  Evolution Chamber  
  46  4:12  Spine Crawler  
  46  4:15  Roach  
  46  4:16  Roach x4  
  55  4:26  Roach x4  
  63  4:32  Overlord  
  63  4:34  Roach  
  68  4:38  Ravager x3  
  68  4:40  Roach  
  68  4:42  Roach  
  72  4:48  Overlord x2  
  72  4:51  Zerg Missile Weapons Level 1  
  72  5:00  Glial Reconstitution  
  72  5:02  Drone x2  
  72  5:03  Drone x2  
  75  5:25  Drone x2  
  75  5:26  Queen  
  79  5:29  Roach x6  
  79  5:32  Ravager  
  92  5:44  Overlord x4  
  92  5:55  Hatchery  
  91  6:10  Drone x2  
  93  6:17  Roach x2  
  93  6:18  Roach x6  
  109  6:21  Overlord  
  109  6:31  Overlord  
  109  6:41  Ravager x7  
  116  6:49  Drone x3  
  116  6:50  Drone  
  116  6:51  Zergling x6  
  116  6:52  Zergling x2  
  122  7:01  Extractor  
  121  7:04  Extractor  
  118  7:09  Roach x5  
  128  7:23  Roach  
  128  7:25  Overlord x5  
  129  7:36  Zergling x4  
  128  7:46  Overlord x4  
  128  7:51  Roach x2  
Show
View Real Time Build Order
Export as new Build Order

Wintersc2 Zerg 

Build Orders: Hatch First 

Get SALT Encoding   

  12  0:00  Drone  
  13  0:12  Overlord  
  13  0:17  Drone  
  14  0:31  Drone x2  
  16  0:37  Drone  
  17  0:57  Hatchery  
  17  1:03  Drone x2  
  18  1:13  Spawning Pool  
  17  1:19  Drone  
  17  1:21  Drone  
  19  1:29  Extractor  
  18  1:47  Overlord  
  18  1:55  Drone x2  
  18  1:59  Queen  
  22  2:06  Zergling x2  
  23  2:11  Queen  
  25  2:17  Drone x2  
  27  2:29  Metabolic Boost  
  27  2:32  Drone  
  27  2:33  Drone x3  
  31  2:37  Roach Warren  
  31  2:43  Drone  
  31  2:49  Baneling Nest, Drone  
  31  2:54  Drone x2  
  33  2:59  Extractor  
  33  3:04  Drone  
  33  3:09  Overlord  
  33  3:16  Drone x3  
  33  3:19  Overlord  
  35  3:20  Overlord  
  35  3:26  Zergling x2  
  36  3:29  Roach  
  36  3:30  Roach  
  36  3:31  Roach  
  42  3:35  Roach  
  42  3:38  Roach  
  46  3:42  Roach  
  46  3:46  Roach  
  50  3:51  Ravager  
  51  3:57  Zergling x2  
  51  3:58  Extractor  
  51  4:05  Roach  
  51  4:06  Zergling x10  
  58  4:12  Ravager  
  58  4:14  Zergling x2  
  60  4:37  Overlord x2  
  60  4:40  Overlord  
  60  4:44  Overlord  
  60  4:46  Baneling x5  
  60  4:47  Baneling x3  
  60  4:59  Drone x3  
  63  5:00  Drone x4  
  63  5:01  Drone  
  63  5:05  Ravager  
  52  5:23  Roach x2  
  54  5:31  Drone x3  
  54  5:32  Drone x2  
  59  5:38  Evolution Chamber  
  59  5:40  Evolution Chamber  
  59  5:41  Lair  
  57  5:43  Roach x2  
  57  5:44  Roach  
  57  5:45  Roach  
  57  5:48  Overlord  
  65  5:52  Ravager x2  
  65  5:54  Drone  
  68  5:58  Ravager  
  69  6:10  Roach x3  
  75  6:13  Roach  
  75  6:14  Overlord  
  77  6:18  Roach  
  77  6:19  Roach x2  
  77  6:24  Overlord  
  77  6:25  Extractor  
  82  6:26  Roach  
  85  6:33  Ravager  
  85  6:36  Drone x2, Roach x2  
  91  6:43  Roach x2  
  91  6:44  Hatchery  
  91  6:46  Roach  
  96  6:54  Roach  
  95  7:04  Roach x2  
  95  7:06  Roach x2  
  96  7:13  Roach  
  96  7:14  Roach x3  
  98  7:24  Zergling x4  
  98  7:26  Overlord  
  98  7:29  Zergling x2  
  98  7:34  Roach x2  
  98  7:36  Roach  
  87  7:49  Roach x5  
  87  7:50  Ravager x2  
  97  7:55  Ravager  
  97  7:57  Roach  
Tags
 
Add a new tag
Caveats
  • Supply blocks, unpowered buildings, or Contaminate may cause inaccurate times.
  • Supply counts are checked every 10 seconds.